 Dungeon Crawl Stone Soup version 0.32-a0-999-gfa1cc04b1d (webtiles) character file.

Game seed: 16125681919837769644

1519 GigaChad the Covered (level 8, -5/63 HPs)
             Began as a Human Fighter on Apr 25, 2024.
             Was an Initiate of Gozag.
             Slain by a black bear (9 damage)
             ... on level 6 of the Dungeon.
             The game lasted 00:06:16 (4146 turns).

GigaChad the Covered (Human Fighter)                Turns: 4146, Time: 00:06:16

Health: -5/63      AC:  8    Str: 19    XL:     8   Next: 84%
Magic:  8/8        EV:  8    Int:  9    God:    Gozag
Gold:   441        SH:  5    Dex: 18    Spells: 7/7 levels left

rFire   . . .        a - +0 war axe (chaos)
rCold   . . .        c - +0 buckler
rNeg    . . .        b - +1 scale mail
rPois   .            (no helmet)
rElec   .            (no cloak)
rCorr   .            (no gloves)
SInv    .            (no boots)
Will    .....        i - amulet of regeneration
Stlth   +            g - +6 ring of dexterity
HPRegen 1.10/turn    (no ring)
MPRegen 0.11/turn

%: no passive effects
@: no status effects
A: explore regen
a: Renounce Religion, Potion Petition, Call Merchant, Bribe Branch


You were on level 6 of the Dungeon.
You worshipped Gozag.
Gozag was aware of your devotion.
You visited 1 branch of the dungeon, and saw 6 of its levels.

You collected 529 gold pieces.
You paid 88 gold pieces to Gozag.

Inventory:

Hand Weapons
 a - a +0 war axe of chaos (weapon)
Armour
 b - a +1 scale mail (worn)
 c - a +0 buckler (worn)
Jewellery
 g - a +6 ring of dexterity (left hand)
 i - an amulet of regeneration (around neck)
 m - an amulet of the acrobat
 z - a ring of protection from cold
Talismans
 h - a beast talisman
 s - a granite talisman
 u - a blade talisman
Wands
 o - a wand of flame (6)
 p - a wand of paralysis (9)
 w - a wand of mindburst (8)
 B - a wand of roots (15)
Scrolls
 j - 2 scrolls of enchant weapon
 k - 2 scrolls of enchant armour
 l - 5 scrolls of teleportation
 r - 2 scrolls of identify
 t - a scroll of vulnerability
 v - 2 scrolls of revelation {unknown}
 y - a scroll of brand weapon
 A - a scroll of poison {unknown}
 C - a scroll of blinking {unknown}
 E - a scroll of amnesia {unknown}
Potions
 d - 3 potions of might
 e - a potion of degeneration {unknown}
 f - 3 potions of curing {unknown}
 n - 2 potions of brilliance {unknown}
 q - 2 potions of invisibility {unknown}
 x - a potion of attraction {unknown}
 D - a potion of heal wounds {unknown}


   Skills:
 * Level 5.5 Fighting
 + Level 5.7 Axes
 * Level 5.8 Armour
 * Level 3.9 Stealth
 * Level 4.6 Shields
 * Level 2.8 Shapeshifting


You had 7 spell levels left.
You didn't know any spells.
Your spell library contained the following spells:

 Spells                   Type           Power      Damage    Failure   Level
 Ensorcelled Hibernation  Hex/Ice        0%         N/A       91%         2
 Static Discharge         Conj/Air       0%         3-3/arc   91%         2
 Call Canine Familiar     Summ           0%         N/A       99%         3
 Dazzling Flash           Conj/Hex       0%         N/A       99%         3
 Mephitic Cloud           Conj/Alch/Air  0%         N/A       99%         3
 Passwall                 Erth           0%         N/A       99%         3
 Sigil of Binding         Hex            0%         N/A       99%         3
 Swiftness                Air            0%         N/A       99%         3
 Airstrike                Air            0%         2d(0-16)  100%        4
 Dimensional Bullseye     Hex/Tloc       0%         N/A       100%        4
 Summon Lightning Spire   Summ/Air       0%         N/A       100%        4
 Silence                  Hex/Air        0%         N/A       100%        5


Dungeon Overview and Level Annotations

Branches:
Dungeon (6/15)             Temple (0/1) D:5

Altars:
Elyvilon
Gozag
Sif Muna
Vehumet


Innate Abilities, Weirdness & Mutations

You regain HP and MP as you explore.


Message History

You hit the wyvern. You freeze the wyvern.
The wyvern is moderately wounded.
You closely miss the bullfrog. You slash the black bear!
The black bear blinks!
You block the wyvern's attack. The bullfrog closely misses you.
The wyvern bites you! The bullfrog hits you.
Unknown command.
You slash the wyvern!
The wyvern is heavily wounded.
You slash the bullfrog! The wyvern closely misses you. The wyvern bites you!
The bullfrog barely misses you.
Unknown command.
You slash the wyvern! You burn the wyvern.
The wyvern is severely wounded.
You hit the bullfrog.
The bullfrog seems to slow down.
You barely miss the black bear. The wyvern barely misses you.
The black bear barely misses you.
The black bear claws you but does no damage.
You block the black bear's attack.
The bullfrog hits you but does no damage.
The wyvern barely misses you.
You hit the wyvern but do no damage.
The wyvern is severely wounded.
You closely miss the bullfrog. You closely miss the black bear.
The black bear goes berserk!
The wyvern bites you. The bullfrog closely misses you.
The black bear bites you.
* * * LOW HITPOINT WARNING * * *
The black bear claws you but does no damage.
You block the black bear's attack.
You hit the wyvern.
The wyvern is almost dead.
You barely miss the black bear. You hit the bullfrog.
The bullfrog convulses.
The wyvern barely misses you. The black bear barely misses you.
You block the black bear's attack.
The black bear claws you but does no damage.
The bullfrog closely misses you. The wyvern bites you!
* * * LOW HITPOINT WARNING * * *
The bullfrog hits you but does no damage.
The black bear bites you!
You die...
Your body crumbles into a pile of gold.

# #.. #.# #...###... ##..
. ##..##.... #...### #
##....... ..# #...####
.##......... #..
#....#.###.#.......... #..
##...............#.##.
#..###.........>.....###..
##.......F....#.....## ##.
#.....##.@k..###....# #.
##...##..h...###....# #.
#.................... ...#
.....###................
...# .....
##......?$............ .
.. #......$$............
#........$........ ....
............#....... ....
###.#......##.......


You could see a black bear (berserk, poisoned), a wyvern and a bullfrog (slow).

Vanquished Creatures
  A wyvern (D:6)
  Menkaure (D:6)
  A water moccasin (D:6)
  Duvessa (D:6)
  A black bear (D:5)
  An ice beast (D:6)
  An orc warrior (D:6)
  An ogre (D:6)
  2 scorpions
  A wight (D:6)
  Dowan (D:6)
  2 howler monkeys
  3 bombardier beetles
  A hound (D:5)
  An orc priest (D:6)
  A sleepcap (D:4)
  Jessica (D:3)
  An iguana (D:4)
  Ijyb (D:3)
  A gnoll (D:4)
  3 adders
  A shadow imp (D:5)
  3 white imps (D:6)
  3 dart slugs
  3 ribbon worms
  10 orcs
  6 ball pythons
  4 endoplasms
  4 giant cockroaches
  4 goblins
  7 hobgoblins
  11 jackals
  5 kobolds
  5 quokkas
  10 bats
  7 frilled lizards
  3 rats
113 creatures vanquished.

Notes
Turn   | Place    | Note
-------+----------+-------------------------------------------
     0 | D:1      | GigaChad the Human Fighter began the quest for the Orb.
     0 | D:1      | Reached XP level 1. HP: 18/18 MP: 1/1
   357 | D:1      | Reached XP level 2. HP: 24/24 MP: 2/2
   729 | D:1      | Reached XP level 3. HP: 28/29 MP: 3/3
  1183 | D:2      | Reached skill level 1 in Stealth
  1328 | D:2      | Reached XP level 4. HP: 35/35 MP: 4/4
  1824 | D:3      | Reached XP level 5. HP: 41/41 MP: 5/5
  1967 | D:3      | Noticed Jessica
  1968 | D:3      | Noticed Ijyb
  1971 | D:3      | Killed Jessica
  1985 | D:3      | Killed Ijyb
  2256 | D:4      | Reached skill level 1 in Shapeshifting
  2256 | D:4      | Reached XP level 6. HP: 25/48 MP: 6/6
  2456 | D:4      | Found a radiant altar of Vehumet.
  3067 | D:5      | Entered Level 5 of the Dungeon
  3167 | D:5      | Found an opulent altar of Gozag.
  3167 | D:5      | Noticed a black bear
  3176 | D:5      | Killed a black bear
  3177 | D:5      | Reached XP level 7. HP: 39/55 MP: 7/7
  3190 | D:5      | Became a worshipper of Gozag Ym Sagoz the Greedy
  3220 | D:5      | Found a staircase to the Ecumenical Temple.
  3518 | D:5      | Found a white marble altar of Elyvilon.
  3847 | D:6      | a sky beast changed into a wyvern
  3847 | D:6      | Noticed a wyvern
  3850 | D:6      | Killed a wyvern
  3851 | D:6      | Reached skill level 5 in Armour
  3885 | D:6      | Reached XP level 8. HP: 32/61 MP: 8/8
  3888 | D:6      | Reached skill level 5 in Axes
  3929 | D:6      | Noticed Duvessa
  3940 | D:6      | Killed Duvessa
  3941 | D:6      | Reached skill level 5 in Fighting
  3955 | D:6      | Noticed Dowan
  3959 | D:6      | Killed Dowan
  4015 | D:6      | Found a shimmering blue altar of Sif Muna.
  4052 | D:6      | Noticed a troll
  4052 | D:6      | Noticed a wyvern
  4087 | D:6      | Noticed Menkaure
  4110 | D:6      | Killed Menkaure
  4146 | D:6      | Slain by a black bear

Illustrated notes

Levels and vault maps discovered:
D:1:      wheals_arrival_linesprint, layout_rooms, dreamdust_wishing_well
D:2:      layout_basic, chequers_serial_rivers_small_b, minmay_pentomino_t2
D:3:      layout_loops_ring, dreamdust_princess_bridge, uniq_jessica, uniq_ijyb
D:4:      layout_loops_ring, nicolae_vehumet_altar_sigil, minmay_statues_item
D:5:      layout_basic, mainiacjoe_overflow_cross_hatched, elyvilon_altar_3,
          minmay_temple_entry_nine_rooms
D:6:      layout_cave_pools, lemuel_coloured_pillars_altar,
          mainiacjoe_overflow_small_starburst, grunt_ministairs_3,
          minmay_checkerbox, uniq_menkaure, uniq_duvessa

Skill      XL: |  1  2  3  4  5  6  7  8 |
---------------+-------------------------+-----
Stealth        | 1 2 3 |  3.9
Axes           | 3 4 5 |  5.7
Armour         | 4 5 |  5.8
Fighting       | 4 5 |  5.5
Shapeshifting  | 1 2 |  2.8
Shields        | 4 |  4.6

Action                     |  1- 3 |  4- 6 |  7- 9 || total
---------------------------+-------+-------+-------++-------
  Melee: War axe           |   129 |   160 |    86 ||   375
    Use: Scroll            |     1 |     5 |     1 ||     7
   Stab: Confused          |       |       |     1 ||     1
 Armour: Scale mail        |   127 |   116 |    92 ||   335
  Dodge: Dodged            |    61 |    66 |    62 ||   189
  Block: Buckler           |    35 |    42 |    26 ||   103

Table legend: (Time is in decaauts)
 A = Elapsed time spent in this place.
 B = Non-inter-level travel time spent in this place.
 C = Inter-level travel time spent in this place.
 D = Time resting spent in this place.
 E = Time spent auto-exploring this place.
 F = Levels seen in this place.
 G = Mean time per level.
                   A        B        C        D        E       F      G
               +--------+--------+--------+--------+--------+-----+--------+
         Total |   4283 |   4111 |    172 |    302 |   2783 |   6 |  713.8 |
       Dungeon |   4283 |   4111 |    172 |    302 |   2783 |   6 |  713.8 |
               +--------+--------+--------+--------+--------+-----+--------+

Top non-repeatable levels by time:
     D:1: 1130 daAuts
     D:4: 854 daAuts
     D:5: 786 daAuts
     D:3: 655 daAuts
     D:2: 536 daAuts
     D:6: 319 daAuts
